 Dungeon Crawl Stone Soup version 0.31-a0-221-gbddc013574 (webtiles) character file.

Game seed: 7636431610101521609

116 qw the Shooter (level 5, -1/30 HPs)
             Began as a Gargoyle Hexslinger on July 3, 2023.
             Slain by a hell rat (2 damage)
             ... in a sewer.
             The game lasted 00:01:06 (2709 turns).

qw the Shooter (Gargoyle Hexslinger)                Turns: 2709, Time: 00:01:06

Health: -1/30      AC: 11    Str: 11    XL:     5   Next: 0%
Magic:  0/6        EV: 10    Int: 14    God:
Gold:   129        SH:  0    Dex: 14    Spells: 5/6 levels left

rFire   . . .        Y - +2 sling
rCold   . . .        (no shield)
rNeg    + + .        g - +0 ring mail
rPois   inf          (no helmet)
rElec   +            j - +0 cloak
rCorr   .            (no gloves)
SInv    .            a - +0 pair of boots
Will    +....        s - amulet of guardian spirit
Stlth   +            b - ring of willpower
HPRegen 0.25/turn    c - ring of positive energy
MPRegen 0.10/turn

%: guardian spirit
@: no status effects
A: sickness immunity, AC +4, negative energy resistance 1, electricity
resistance, torment resistance 1, petrification resistance
a: no special abilities


You were in a sewer.
You visited 1 branch of the dungeon, and saw 4 of its levels.
You also visited: Sewer.

You collected 183 gold pieces.
You spent 54 gold pieces at shops.


Innate Abilities, Weirdness & Mutations

You are immune to sickness and miasma.
Your stone body is resilient. (AC +4)
You are immune to poison.
You resist negative energy. (rN+)
You are resistant to electric shocks. (rElec)
You are resistant to unholy torment.
You are immune to petrification.


   Skills:
 - Level 2.0 Fighting
 + Level 4.4 Ranged Weapons
 - Level 1.4 Armour
 - Level 1.5 Dodging
 - Level 1.0 Spellcasting
 - Level 2.6 Hexes


You had 5 spell levels left.
You knew the following spells:

 Your Spells              Type           Power      Damage    Failure   Level
a - Slow                  Hex            32%        N/A       21%         1

Your spell library contained the following spells:

 Spells                   Type           Power      Damage    Failure   Level
 Inner Flame              Hex/Fire       4%         N/A       71%         3
 Portal Projectile        Hex/Tloc       8%         N/A       71%         3
 Cause Fear               Hex            4%         N/A       90%         4

Inventory:

Hand Weapons
 Y - a +2 sling (weapon)
Armour
 a - a +0 pair of boots (worn)
 g - a +0 ring mail (worn)
 j - a +0 cloak (worn)
Jewellery
 b - a ring of willpower (left hand)
 c - a ring of positive energy (right hand)
 l - a ring of ice
 s - an amulet of guardian spirit (around neck)
Scrolls
 d - a scroll of identify
Potions
 e - a potion of mutation
 h - a potion of brilliance {unknown}
 m - a potion of curing {unknown}
 n - a potion of cancellation {unknown}
 r - a potion of magic {unknown}

Dungeon Overview and Level Annotations

Branches:
Dungeon (4/15)              Sewer (1/1)
 Temple: D:4-7

Altars:
Xom

Shops:
D:2 [[(!


Message History

The hell rat closely misses you.
You shoot a sling bullet.
The sling bullet hits the hell rat but does no damage.
The hell rat bites you! x2
You shoot a sling bullet. The sling bullet hits the hell rat.
The hell rat is lightly wounded.
The hell rat bites you but does no damage.
You shoot a sling bullet.
The sling bullet closely misses the hell rat.
The hell rat bites you but does no damage.
The hell rat barely misses you.
You shoot a sling bullet. The sling bullet hits the hell rat.
The hell rat is heavily wounded.
The hell rat bites you.
You shoot a sling bullet.
The sling bullet barely misses the hell rat.
The hell rat bites you but does no damage.
The hell rat bites you.
You shoot a sling bullet.
The sling bullet closely misses the hell rat.
The hell rat closely misses you. x2
You shoot a sling bullet.
The sling bullet hits the hell rat but does no damage.
The hell rat is heavily wounded.
The hell rat bites you.
You shoot a sling bullet.
The sling bullet closely misses the hell rat.
The hell rat bites you but does no damage.
The hell rat closely misses you.
You shoot a sling bullet.
The sling bullet barely misses the hell rat.
The hell rat bites you.
You shoot a sling bullet. The sling bullet hits the hell rat!
The hell rat is almost dead.
The hell rat bites you but does no damage.
The hell rat barely misses you.
You shoot a sling bullet.
The sling bullet barely misses the hell rat.
The hell rat bites you.
You die...

###~~~###
#~..~~~~#
##~~~~~.~##
#~..###..~#
##~.## ##~~##
#.~~# ~.#~.~#
#.~##~.?##~.#
#~~#~~~??#..#
#~@r~~~!\#\\#
#..#.~~!?#~%#
#..##~~?##..#
#... ~..#~..#
##.. ~##~~##
#... #.~~
##~~ .~~#
~..~..~


You could see a hell rat.

Vanquished Creatures
  4 adders
  A river rat (Sewer)
  A worm (D:3)
  A dart slug (D:1)
  8 endoplasms
  5 goblins
  6 hobgoblins
  7 kobolds
  4 quokkas
  9 ball pythons
  7 bats
  11 rats
64 creatures vanquished.

Notes
Turn   | Place    | Note
-------+----------+-------------------------------------------
     0 | D:1      | qw the Gargoyle Hexslinger began the quest for the Orb.
     0 | D:1      | Reached XP level 1. HP: 12/12 MP: 2/2
     0 | D:1      | 0 ||| qw: Version: 0.3-a-40-ge99b1a8
     0 | D:1      | 0 ||| qw: Game counter: 624
     0 | D:1      | 0 ||| qw: Melee chars always use a shield: true
     0 | D:1      | 0 ||| qw: God list: Okawaru
     0 | D:1      | 0 ||| qw: Allow faded altars: false
     0 | D:1      | 0 ||| qw: Do Orc after clearing Dungeon:15 true
     0 | D:1      | 0 ||| qw: Do second Lair branch before Depths: true
     0 | D:1      | 0 ||| qw: Lair rune preference: random
     0 | D:1      | 0 ||| qw: Goals: Normal
     0 | D:1      | 0 ||| PLANNING D:1-11
   144 | D:1      | You fall into a shaft and drop 1 floor!
   177 | D:2      | Found Wamumen's Distillery.
   188 | D:2      | 188 ||| SHOPLISTING 2 potions of curing (60 gold, have 25).
   188 | D:2      | 188 ||| SHOPLISTING 2 potions of mutation (160 gold, have
                  | 25).
   188 | D:2      | 188 ||| SHOPLISTING potion of curing (30 gold, have 25).
   269 | D:2      | 269 ||| READING scroll labelled ATTEAS ZAMP.
   270 | D:2      | 270 ||| READING scroll labelled UPLEIG ANUI.
   271 | D:2      | 271 ||| READING scroll labelled ZOCANO WEARRU.
   272 | D:2      | 272 ||| DROPPING scroll of poison.
   278 | D:2      | 278 ||| STAIRDANCE
   313 | D:1      | Reached XP level 2. HP: 16/16 MP: 3/3
   352 | D:1      | Reached skill level 3 in Ranged Weapons
   419 | D:1      | Reached XP level 3. HP: 20/21 MP: 4/4
   949 | D:1      | 949 ||| UPGRADING to +0 pair of boots.
   954 | D:1      | 954 ||| UPGRADING to +0 leather armour.
   964 | D:1      | 964 ||| DROPPING +0 robe.
   965 | D:1      | 965 ||| UPGRADING to +0 ring mail.
   975 | D:1      | 975 ||| DROPPING +0 leather armour.
   976 | D:1      | 976 ||| READING 2 scrolls labelled BOUGGE FUIKK.
   988 | D:2      | Found Ymaev's Armour Boutique.
   991 | D:2      | 991 ||| SHOPLISTING +1 cloak "Geugrarr" {rPois rC- Dex+2}
                  | (179 gold, have 82).
  1009 | D:2      | Found a shimmering altar of Xom.
  1206 | D:2      | Found Amodgh's Assorted Antiques.
  1231 | D:2      | Found Yfydu's Antique Weapon Boutique.
  1315 | D:2      | Reached skill level 1 in Armour
  1434 | D:2      | Found Ymotaer's Armour Boutique.
  1438 | D:2      | 1438 ||| BUYING +0 cloak (54 gold).
  1438 | D:2      | Bought a +0 cloak for 54 gold pieces
  1438 | D:2      | 1438 ||| SHOPLISTING +0 pair of gloves (54 gold, have 50).
  1438 | D:2      | 1438 ||| SHOPLISTING quicksilver dragon scales (720 gold,
                  | have 50).
  1441 | D:2      | Reached XP level 4. HP: 26/26 MP: 5/5
  1480 | D:2      | 1480 ||| UPGRADING to +0 cloak.
  1485 | D:2      | 1485 ||| UPGRADING to ring of willpower.
  1486 | D:2      | 1486 ||| UPGRADING to ring of positive energy.
  1487 | D:2      | 1487 ||| READING 2 scrolls of identify.
  1487 | D:2      | 1487 ||| IDENTIFYING red potion
  1488 | D:2      | 1488 ||| DROPPING potion of degeneration.
  2026 | D:3      | 2026 ||| READING scroll labelled BEIBEOPUVE.
  2027 | D:3      | 2027 ||| READING scroll labelled QEISSA MEADECSA.
  2028 | D:3      | 2028 ||| DRINKING 2 cyan potions.
  2029 | D:3      | 2029 ||| READING 2 scrolls of identify.
  2029 | D:3      | 2029 ||| IDENTIFYING fuming orange potion
  2083 | D:4      | 2083 ||| PLANNING SEWER
  2212 | D:4      | Reached skill level 4 in Ranged Weapons
  2635 | D:4      | Found a glowing drain.
  2636 | D:4      | 2636 ||| UPGRADING to amulet of guardian spirit.
  2641 | D:4      | 2641 ||| READING scroll labelled OKITTAGGEG.
  2642 | D:4      | 2642 ||| READING scroll labelled TARYULLOOTWI.
  2643 | D:4      | 2643 ||| READING scroll labelled GAH GUYNYULLA.
  2644 | D:4      | 2644 ||| READING scroll labelled ABUEN UPRAPNA.
  2645 | D:4      | 2645 ||| READING 2 scrolls of identify.
  2645 | D:4      | 2645 ||| IDENTIFYING metallic sapphire potion
  2646 | D:4      | 2646 ||| DROPPING potion of invisibility.
  2650 | Sewer    | Entered a sewer
  2675 | Sewer    | Reached XP level 5. HP: 30/30 MP: 6/6
  2697 | Sewer    | HP: 6/30 [hell rat (6)]
  2698 | Sewer    | 2698 ||| DRINKING potion of heal wounds.
  2702 | Sewer    | HP: 6/30 [hell rat (5)]
  2707 | Sewer    | HP: 1/30 [hell rat (4)]
  2709 | Sewer    | Slain by a hell rat

Levels and vault maps discovered:
D:1:      matt_arrival_spirals, layout_basic
D:2:      layout_basic, basic_altar, serial_shops, nicolae_shop_trees, shop,
          shop, nicolae_shop_industrial_runoff, nicolae_shop_behind_doors
D:3:      layout_basic
D:4:      layout_basic, gup_sewer_entry_bowl
Sewer:    sewer_hellmonk_bad_rat

Skill      XL: |  1  2  3  4 |
---------------+-------------+-----
Ranged Weapons | 3 4 |  4.4
Fighting       | 2 |  2.0
Armour         | 1 |  1.4
Dodging        | |  1.5
Spellcasting   | |  1.0
Hexes          | |  2.6

Action                     |  1- 3 |  4- 6 || total
---------------------------+-------+-------++-------
   Fire: Sling             |   146 |    92 ||   238
    Use: Scroll            |     4 |     9 ||    13
         Potion            |       |     2 ||     2
 Armour: Robe              |    27 |       ||    27
         Ring mail         |    18 |    28 ||    46
  Dodge: Dodged            |    53 |    22 ||    75

Table legend:
 A = Non-vault XP
 B = Vault XP
 C = Vault XP percentage of total XP
 D = Non-vault monster count
 E = Vault monster count
 F = Vault count percentage of total count
                 A         B        C        D         E       F
            +---------+---------+-------+---------+---------+-------
      Total |     144 |      22 |  13.3 |      56 |       8 |  12.5
            +---------+---------+-------+---------+---------+-------
        D:1 |      54 |       0 |   0.0 |      33 |       0 |   0.0
        D:2 |      29 |       0 |   0.0 |       9 |       0 |   0.0
        D:3 |      22 |       0 |   0.0 |       4 |       0 |   0.0
        D:4 |      39 |       6 |  13.3 |      10 |       4 |  28.6
      Sewer |       0 |      16 | 100.0 |       0 |       4 | 100.0
            +---------+---------+-------+---------+---------+-------
